 Dungeon Sprint DCSS version 0.28.0-53-g5a82cb258f (webtiles) character file.

Game seed: 2202552847655810693

36 Zeld the Conjurer (level 3, -6/19 HPs)
             Began as a Deep Elf Conjurer on June 5, 2022.
             Killed from afar by a white imp (8 damage)
             ... with a puff of frost
             ... in the Dungeon (Sprint IX: "|||||||||||||||||||||||||||||").
             The game lasted 00:00:30 (675 turns).

Zeld the Conjurer (Deep Elf Conjurer)                Turns: 675, Time: 00:00:30

Health: -6/19      AC:  2    Str:  6    XL:     3   Next: 19%
Magic:  7/11       EV: 13    Int: 22    God:
Gold:   0          SH:  0    Dex: 13    Spells: 10/11 levels left

rFire   . . .      SeeInvis .   h - +0 club
rCold   . . .      Faith    .   (no shield)
rNeg    . . .      Spirit   .   a - +0 robe
rPois   .          Reflect  .   (no helmet)
rElec   .          Harm     .   (no cloak)
rCorr   .          Rampage  .   (no gloves)
Will    .....      NoTele   +   (no boots)
Stlth   +++.......              (no amulet)
HPRegen 0.06/turn               (no ring)
MPRegen 0.12/turn               (no ring)

@: on berserk cooldown, slowed, very slow
A: no striking features
a: no special abilities


You were in the Dungeon.
You visited 1 branch

Inventory:

Hand Weapons
 h - a +0 club (weapon)
Armour
 a - a +0 robe (worn)
Scrolls
 g - a scroll of blinking
Potions
 b - a potion of curing
 c - a potion of heal wounds
 d - a potion of haste
 e - 2 potions of magic


   Skills:
 + Level 4.4 Dodging
 + Level 4.3 Stealth
 + Level 4.6 Spellcasting
 + Level 5.3 Conjurations
 - Level 2.0 Hexes
 - Level 2.0 Translocations


You had 10 spell levels left.
You knew the following spells:

 Your Spells              Type           Power      Damage    Failure   Level
a - Magic Dart            Conj           100%       1d8       1%          1

Your spell library contained the following spells:

 Spells                   Type           Power      Damage    Failure   Level
 Searing Ray              Conj           56%        2d6       1%          2
 Dazzling Flash           Conj/Hex       42%        N/A       7%          3
 Fulminant Prism          Conj/Hex       10%        3d9       22%         4
 Iskenderun's Mystic Bla  Conj/Tloc      21%        2d6       22%         4


Dungeon Overview and Level Annotations

Branches:
Dungeon (1/1)

Altars:


Message History

The hound is almost dead.
The hound barely misses you.
You sock the hound!
You kill the hound!
Training target 2.0 for Translocations reached!
Your Dodging skill gained 2 levels and is now at level 4!
Your Stealth skill increases to level 4!
Your Spellcasting skill increases to level 4!
Your Conjurations skill increases to level 5!
Your Translocations skill increases to level 2!
You have reached level 2!
You have reached level 3!
Your experience leads to an increase in your attributes!
Increase (S)trength, (I)ntelligence, or (D)exterity?
You feel stronger. x2
There are monsters nearby!
The white imp hits you.
* * * LOW HITPOINT WARNING * * *
The white imp freezes you.
* * * LOW HITPOINT WARNING * * *
There is an open door, spattered with blood here.
You see here a hound corpse.
Unknown command.
You closely miss the white imp. The white imp hits you.
* * * LOW HITPOINT WARNING * * *
The white imp freezes you.
* * * LOW HITPOINT WARNING * * *
You hit the white imp.
The white imp is moderately wounded.
You are no longer berserk.
You are exhausted.
You feel yourself slow down. The white imp misses you.
You hit the white imp but do no damage.
The white imp is moderately wounded.
The white imp closely misses you. The white imp barely misses you.
You hit the white imp.
The white imp is severely wounded.
The white imp gestures at you. The puff of frost hits you!
You die...

▓+▓
▓.▓
▓s▓
▓Y▓
▓S▓
▓5▓
▓@▓
▓.▓
▓.▓
▓.▓
▓.▓
▓)▓
▓'▓
▓.▓
▓.▓


You could see an ice beast, a scorpion, an adder and a white imp.

Vanquished Creatures
  A hound (D)
  An endoplasm (D)
  2 goblins (D)
  A hobgoblin (D)
  A rat (D)
6 creatures vanquished.

Notes
Turn   | Place    | Note
-------+----------+-------------------------------------------
     0 | D        | Zeld the Deep Elf Conjurer began the quest for the Orb.
     0 | D        | Reached XP level 1. HP: 10/10 MP: 6/6
     5 | D        | Reached skill level 1 in Hexes
     8 | D        | Reached skill level 1 in Translocations
   659 | D        | Noticed a scorpion
   659 | D        | Noticed an ice beast
   659 | D        | Noticed a hound
   670 | D        | Killed a hound
   671 | D        | Reached skill level 5 in Conjurations
   671 | D        | Reached XP level 2. HP: 8/15 MP: 6/9
   671 | D        | Reached XP level 3. HP: 10/19 MP: 7/11
   675 | D        | Killed from afar by a white imp

Illustrated notes

Levels and vault maps discovered:
D:        linesprint [early_d, line_temple, items_1, d_10, items_2, lair_1,
          lair_end, items_3, orc_1, orc_end, items_4, d_15, swamp_1, shoals_1,
          snake_1, spider_1, d_20, vaults_1, items_5, swamp_end, shoals_end,
          snake_end, spider_end, vaults_end, d_27, items_6, zot_1, zot_end,
          crypt_end, forest_end, elf_end, slime_end, tomb_end, abyss_end,
          pan_hell_end]

Skill      XL: |  1 |
---------------+----+-----
Hexes          | 2 |  2.0
Translocations | 2 |  2.0
Stealth        | 4 |  4.3
Dodging        | 4 |  4.4
Spellcasting   | 4 |  4.6
Conjurations   | 5 |  5.3

Action                   || total
-------------------------++-------
Melee: Unarmed           ||    11
       Club              ||    14
 Cast: Magic Dart        ||     7
  Use: Potion            ||     1
Armor: Robe              ||     3
Dodge: Dodged            ||    18
